 Dungeon Crawl Stone Soup version 0.17-a0-1533-g2f57bce (webtiles) character file.

151 DakoDarkAxe the Twirler (level 5, -5/39 HPs)
             Began as a Demonspawn Gladiator on July 16, 2015.
             Was a Follower of Sif Muna.
             Slain by Grinder (7 damage)
             ... on level 3 of the Dungeon.
             The game lasted 00:06:54 (1354 turns).

DakoDarkAxe the Twirler (Demonspawn Gladiator)      Turns: 1354, Time: 00:06:54

Health: -5/39      AC: 10    Str: 16    XL:     5   Next: 11%
Magic:  5/5        EV:  1    Int:  9    God:    Sif Muna [*.....]
Gold:   112        SH:  0    Dex: 14    Spells: 0 memorised, 4 levels left

rFire  . . .     SeeInvis .     a - +1 quarterstaff
rCold  . . .     Clarity  .     j - +0 plate armour
rNeg   . . .     SustAt   .     (no shield)
rPois  .         Gourm    .     (helmet restricted)
rElec  .         Spirit   .     (no cloak)
rCorr  .         Warding  .     (no gloves)
rMut   .         Stasis   .     (no boots)
MR     .....                    f - amulet of faith
Stlth  ..........               (no ring)
                                b - -4 ring of evasion (curse)

@: not resistant to hostile enchantments, extremely unstealthy
A: horns 2, demonic guardian 1
a: Channel Energy, Renounce Religion


You were on level 3 of the Dungeon.
You worshipped Sif Muna.
Sif Muna was aware of your devotion.
You were not hungry.

You visited 1 branch of the dungeon, and saw 3 of its levels.

You collected 112 gold pieces.

Inventory:

Hand weapons
 a - a +1 quarterstaff (weapon)
Missiles
 d - 3 throwing nets (quivered)
Armour
 j - a +0 plate armour (worn)
Jewellery
 b - a cursed -4 ring of evasion (left hand)
 f - an amulet of faith (around neck)
Magical devices
 h - a wand of magic darts (23)
Scrolls
 c - a scroll of random uselessness {unknown}
 g - 3 scrolls of identify
 i - 2 scrolls of recharging
 k - a scroll of enchant armour {unknown}
Potions
 l - a potion of heal wounds {unknown}
Comestibles
 e - 2 bread rations


   Skills:
 + Level 2.4 Fighting
 + Level 3.7 Staves
 + Level 2.1 Throwing
 + Level 1.5 Armour
 + Level 3.7 Dodging


You had 4 spell levels left.
You didn't know any spells.

Dungeon Overview and Level Annotations

Branches:
Dungeon (3/15)

Altars:
Sif Muna

Annotations:
D:3 Grinder


Innate Abilities, Weirdness & Mutations

You have a pair of horns on your head.
A weak demonic guardian rushes to your aid.


Message History

Grinder is moderately wounded.
Your iron imp disappears in a puff of smoke!
Grinder hits you but does no damage.
You hit Grinder but do no damage.
Grinder is moderately wounded.
Grinder gestures at you. You resist with significant effort.
Your crimson imp blinks!
Your plate armour prevents you from hitting Grinder.
Grinder is moderately wounded.
Grinder hits you!
* * * LOW HITPOINT WARNING * * *
You thump Grinder! Your headbutt misses Grinder.
Grinder is heavily wounded.
Grinder hits you!
* * * LOW HITPOINT WARNING * * *
You closely miss Grinder.
Grinder is heavily wounded.
Grinder hits you!
You die...

###.#.#.## #
#.##..# #[.).#
#...#....####.###
##.###.#..###.
#.#####.........
#.....<......
#...#....##
#.#..###..#...
###.#.##.# #.#.
...... #...##.# #
# #.##.. ######.#
# .# #
#.########.####.
.#
#.......@5......
.
##########.#####
# .. ##


You could see Grinder.

Vanquished Creatures
  Ijyb (D:2)
  Jessica (D:2)
  3 adders
  An ooze (D:1)
  3 orcs (D:3)
  2 ball pythons (D:1)
  2 giant cockroaches (D:2)
  3 goblins (D:2)
  5 hobgoblins
  4 kobolds
  A quokka (D:2)
  3 bats
  4 rats
33 creatures vanquished.

Vanquished Creatures (collateral kills)
  An orc priest (D:3)
  2 orcs (D:3)
3 creatures vanquished.

Grand Total: 36 creatures vanquished

Notes
Turn   | Place    | Note
--------------------------------------------------------------
     0 | D:1      | DakoDarkAxe the Demonspawn Gladiator began the quest for the Orb.
     0 | D:1      | Reached XP level 1. HP: 16/16 MP: 1/1
   177 | D:1      | Reached skill level 3 in Staves
   253 | D:1      | Gained mutation: You have a pair of small horns on your head. [demonic ancestry]
   253 | D:1      | Reached XP level 2. HP: 19/22 MP: 2/2
   575 | D:2      | Noticed Ijyb
   585 | D:2      | Noticed Jessica
   591 | D:2      | Killed Ijyb
   591 | D:2      | Gained mutation: You have a pair of horns on your head. [demonic ancestry]
   591 | D:2      | Reached XP level 3. HP: 15/27 MP: 3/3
   593 | D:2      | Killed Jessica
   593 | D:2      | Gained mutation: A weak demonic guardian rushes to your aid. [demonic ancestry]
   593 | D:2      | Reached XP level 4. HP: 19/33 MP: 4/4
   898 | D:2      | Reached skill level 1 in Armour
   964 | D:3      | HP: 1/33 [orc priest (1)]
   987 | D:3      | Reached XP level 5. HP: 2/39 MP: 5/5
  1163 | D:3      | Found a faded altar to an unknown god.
  1193 | D:3      | Became a worshipper of Sif Muna the Loreminder
  1193 | D:3      | Acquired Sif Muna's first power
  1335 | D:3      | Noticed Grinder
  1342 | D:3      | Paralysed by Grinder for 7 turns
  1354 | D:3      | Slain by Grinder

Vault maps used:
D:1:      dpeg_arrival_pits
D:2:      grunt_gozag_breadcrumbs, first_bread, uniq_jessica, uniq_robin,
          uniq_iyjb
D:3:      okawaru_altar_gauntlet_db, tgw_xom, ecumenical_altar_1, uniq_grinder

Action                   |  1- 3 |  4- 6 || total
-------------------------+-------+-------++-------
Melee: Quarterstaff      |    48 |    76 ||   124
  Use: Scroll            |     3 |       ||     3
  Eat: Bread ration      |       |     1 ||     1
